[ AOE2 MATCH · #495696608 ]
UnrankedEthiopians vs Spanish
Player's team · LOSS
Rival team · WIN
[ REPLAY ANALYSIS · EXTRACTED FROM THE RECORDED GAME ]
Feudal
9:54
Castle
23:09
Imperial
—
| APM avg | 29.4 |
| APM peak | 63 |
| eAPM avg | 13.0 |
| Villagers / military | 106 / 77 |
Focus
⚔️ 19.3% · 🌾 80.7%
Archer ×68 · Mangonel ×5 · Skirmisher ×4
Feudal
10:58
Castle
18:40
Imperial
35:34
| APM avg | 27.1 |
| APM peak | 58 |
| eAPM avg | 18.4 |
| Villagers / military | 170 / 32 |
Focus
⚔️ 17.9% · 🌾 82.1%
Skirmisher ×16 · Conquistador ×6 · Monk ×5 · Mangonel ×3 · Trebuchet (Packed) ×2
Match map
Initial resources + every placement click. Lines = walls · curves = elevation contours. ◆ gold · ⬟ stone · ● berries · ✦ relic · ◌ wall gap
Your base· Open — opponent sealed themselves in
Simbo02352's base· ✓ Closed at 18:40 · 59t walls · 3 gate(s)
Smoothed initial terrain · ◌ = detected wall gap · hover for details
Inputs per minute
— Grospoilu - - Simbo02352
Build order — Grospoilu
First 150 of 250 actions detected
| 0:01 | Queue | Villager (Male) |
| 0:01 | Queue | Villager (Male) |
| 0:01 | Queue | Villager (Male) |
| 0:03 | Build | House |
| 0:05 | Build | House |
| 0:07 | Queue | Villager (Male) |
| 1:27 | Queue | Villager (Male) |
| 1:56 | Build | Lumber Camp |
| 2:04 | Queue | Villager (Male) |
| 2:24 | Queue | Villager (Male) |
| 2:53 | Queue | Villager (Male) |
| 3:08 | Queue | Villager (Male) |
| 3:54 | Queue | Villager (Male) |
| 3:57 | Build | House |
| 4:20 | Build | Mill |
| 4:38 | Queue | Villager (Male) |
| 4:38 | Queue | Villager (Male) |
| 5:11 | Queue | Villager (Male) |
| 5:23 | Queue | Villager (Male) |
| 5:41 | Queue | Villager (Male) |
| 5:57 | Queue | Villager (Male) |
| 5:57 | Research | Loom |
| 6:48 | Build | House |
| 7:38 | Build | Barracks |
| 7:44 | Research | Feudal Age |
| 8:19 | Build | House |
| 8:50 | Queue | Villager (Male) |
| 8:51 | Queue | Villager (Male) |
| 9:02 | Build | Mining Camp |
| 9:27 | Queue | Villager (Male) |
| 9:54 | Age | Feudal Age |
| 10:02 | Build | Archery Range |
| 10:03 | Queue | Villager (Male) |
| 10:08 | Build | House |
| 10:13 | Research | Double-Bit Axe |
| 10:15 | Queue | Villager (Male) |
| 10:47 | Build | Blacksmith |
| 10:53 | Queue | Archer |
| 11:13 | Build | House |
| 11:16 | Queue | Archer |
| 11:17 | Queue | Archer |
| 11:26 | Research | Fletching |
| 11:38 | Build | House |
| 11:43 | Build | Palisade Wall |
| 11:45 | Build | Palisade Wall |
| 12:04 | Queue | Villager (Male) |
| 12:08 | Queue | Archer |
| 12:12 | Build | Farm |
| 12:12 | Build | Farm |
| 12:31 | Queue | Villager (Male) |
| 12:41 | Build | Farm |
| 12:42 | Build | Farm |
| 12:47 | Queue | Archer |
| 13:06 | Queue | Villager (Male) |
| 13:12 | Build | Farm |
| 13:13 | Build | Farm |
| 13:17 | Build | Farm |
| 13:18 | Build | Farm |
| 13:25 | Queue | Villager (Male) |
| 13:43 | Build | Farm |
| 14:06 | Queue | Villager (Male) |
| 14:06 | Queue | Villager (Male) |
| 14:11 | Build | Farm |
| 14:12 | Build | Farm |
| 14:14 | Build | Farm |
| 14:25 | Queue | Villager (Male) |
| 14:35 | Queue | Villager (Male) |
| 15:06 | Queue | Villager (Male) |
| 15:09 | Queue | Archer ×5 |
| 15:10 | Queue | Archer ×2 |
| 15:20 | Queue | Villager (Male) |
| 15:36 | Queue | Villager (Male) |
| 15:52 | Queue | Villager (Male) |
| 16:04 | Build | House |
| 16:30 | Build | Farm |
| 16:32 | Build | Farm |
| 16:33 | Build | Farm |
| 16:35 | Build | Farm |
| 16:35 | Build | Farm |
| 16:53 | Queue | Villager (Male) |
| 17:01 | Build | Farm |
| 17:02 | Build | Farm |
| 17:32 | Build | Farm |
| 17:34 | Build | Farm |
| 17:36 | Queue | Villager (Male) |
| 17:42 | Queue | Villager (Male) |
| 17:57 | Build | Market |
| 18:02 | Research | Horse Collar |
| 18:24 | Queue | Villager (Male) |
| 18:44 | Queue | Archer |
| 18:44 | Queue | Archer |
| 18:58 | Build | Farm |
| 19:01 | Build | Farm |
| 19:02 | Build | Farm |
| 19:07 | Build | House |
| 19:14 | Research | Wheelbarrow |
| 19:37 | Build | House |
| 19:38 | Build | House |
| 19:40 | Build | House |
| 19:47 | Research | Castle Age |
| 20:02 | Build | Archery Range |
| 20:10 | Research | Padded Archer Armor |
| 20:35 | Queue | Archer |
| 20:38 | Queue | Skirmisher |
| 20:39 | Queue | Skirmisher |
| 21:12 | Build | Archery Range |
| 21:16 | Queue | Archer |
| 21:16 | Queue | Archer |
| 21:17 | Queue | Archer |
| 21:17 | Queue | Archer |
| 21:23 | Queue | Villager (Male) |
| 21:25 | Queue | Villager (Male) |
| 21:29 | Build | House |
| 21:30 | Build | House |
| 21:38 | Queue | Archer |
| 21:39 | Queue | Archer |
| 21:50 | Queue | Archer |
| 21:50 | Queue | Archer |
| 21:50 | Queue | Archer |
| 22:06 | Build | Lumber Camp |
| 22:16 | Queue | Skirmisher |
| 22:17 | Queue | Skirmisher |
| 23:09 | Age | Castle Age |
| 23:11 | Research | Crossbowman (upgrade) |
| 23:13 | Research | Bodkin Arrow |
| 23:15 | Research | Leather Archer Armor |
| 23:27 | Build | House |
| 23:30 | Queue | Villager (Male) |
| 23:44 | Research | Thumb Ring |
| 23:48 | Queue | Villager (Male) |
| 23:51 | Build | Farm |
| 24:17 | Build | House |
| 24:24 | Queue | Archer ×5 |
| 24:25 | Queue | Archer ×2 |
| 24:33 | Queue | Villager (Male) |
| 24:34 | Queue | Villager (Male) |
| 24:34 | Queue | Villager (Male) |
| 24:35 | Queue | Villager (Male) |
| 24:36 | Queue | Villager (Male) |
| 24:40 | Queue | Archer ×2 |
| 24:46 | Build | House |
| 24:54 | Queue | Villager (Male) |
| 25:21 | Queue | Villager (Male) |
| 25:23 | Queue | Villager (Male) |
| 25:32 | Build | Town Center |
| 25:34 | Queue | Villager (Male) |
| 25:36 | Queue | Villager (Male) |
| 25:48 | Queue | Archer ×4 |
| 26:44 | Queue | Villager (Male) |
| 27:04 | Build | Farm |
Build order — Simbo02352
First 150 of 382 actions detected
| 0:01 | Build | House |
| 0:02 | Build | House |
| 0:02 | Queue | Villager (Male) |
| 0:03 | Queue | Villager (Male) |
| 0:03 | Queue | Villager (Male) |
| 0:16 | Queue | Villager (Male) |
| 1:26 | Queue | Villager (Male) |
| 1:53 | Build | Lumber Camp |
| 1:56 | Queue | Villager (Male) |
| 2:12 | Queue | Villager (Male) |
| 2:45 | Queue | Villager (Male) |
| 2:58 | Research | Loom |
| 3:10 | Queue | Villager (Male) |
| 3:28 | Build | House |
| 3:31 | Build | Palisade Wall |
| 3:37 | Queue | Villager (Male) |
| 3:53 | Queue | Villager (Male) |
| 4:45 | Queue | Villager (Male) |
| 5:06 | Queue | Villager (Male) |
| 5:33 | Queue | Villager (Male) |
| 5:34 | Queue | Villager (Male) |
| 5:54 | Queue | Villager (Male) |
| 6:00 | Build | Palisade Wall |
| 6:01 | Build | House |
| 6:11 | Queue | Villager (Male) |
| 6:36 | Queue | Villager (Male) |
| 7:05 | Build | Palisade Wall |
| 7:10 | Build | Mill |
| 7:44 | Build | Palisade Wall |
| 7:46 | Queue | Villager (Male) |
| 8:09 | Build | Mining Camp |
| 8:15 | Queue | Villager (Male) |
| 8:45 | Research | Feudal Age |
| 9:19 | Build | Palisade Wall |
| 9:41 | Queue | Villager (Male) |
| 9:41 | Queue | Villager (Male) |
| 9:47 | Build | Palisade Wall |
| 10:02 | Build | Farm |
| 10:02 | Build | Farm |
| 10:03 | Build | Farm |
| 10:03 | Build | Farm |
| 10:12 | Queue | Villager (Male) |
| 10:12 | Queue | Villager (Male) |
| 10:37 | Build | House |
| 10:56 | Queue | Villager (Male) |
| 10:56 | Queue | Villager (Male) |
| 10:58 | Age | Feudal Age |
| 11:03 | Build | Stone Wall |
| 11:07 | Build | Stone Wall |
| 11:12 | Build | Gate |
| 11:14 | Queue | Villager (Male) |
| 11:25 | Build | Stone Wall |
| 11:28 | Build | Stone Wall |
| 11:29 | Queue | Villager (Male) |
| 11:35 | Queue | Villager (Male) |
| 11:41 | Build | Stone Wall |
| 11:45 | Build | Stone Wall |
| 11:56 | Build | Market |
| 12:00 | Build | Gate |
| 12:04 | Build | Stone Wall |
| 12:10 | Build | Gate |
| 12:15 | Build | Blacksmith |
| 12:18 | Build | Stone Wall |
| 12:26 | Build | House |
| 12:44 | Build | Farm |
| 13:01 | Build | Stone Wall |
| 13:03 | Build | Stone Wall |
| 13:05 | Build | Stone Wall |
| 13:08 | Build | Farm |
| 13:10 | Queue | Villager (Male) |
| 13:22 | Build | Mining Camp |
| 13:45 | Queue | Villager (Male) |
| 13:57 | Build | Farm |
| 14:23 | Build | Watch Tower |
| 14:29 | Build | Farm |
| 14:31 | Queue | Villager (Male) |
| 15:00 | Queue | Villager (Male) |
| 15:22 | Queue | Villager (Male) |
| 16:00 | Research | Castle Age |
| 16:17 | Build | Watch Tower |
| 16:43 | Research | Double-Bit Axe |
| 17:25 | Research | Horse Collar |
| 17:56 | Build | House |
| 17:57 | Build | House |
| 17:58 | Build | House |
| 18:40 | Age | Castle Age |
| 18:42 | Queue | Villager (Male) |
| 18:47 | Build | Town Center |
| 18:49 | Research | Bow Saw |
| 19:05 | Queue | Villager (Male) |
| 19:30 | Queue | Villager (Male) |
| 19:39 | Queue | Villager (Male) |
| 19:42 | Build | Farm |
| 19:42 | Build | Farm |
| 19:45 | Build | Farm |
| 19:47 | Build | Farm |
| 19:59 | Build | Farm |
| 20:02 | Build | Farm |
| 20:08 | Queue | Villager (Male) |
| 20:28 | Build | Farm |
| 20:37 | Build | Castle |
| 20:39 | Queue | Villager (Male) |
| 20:44 | Build | Farm |
| 20:48 | Build | Farm |
| 20:49 | Queue | Villager (Male) |
| 20:58 | Build | Farm |
| 21:03 | Queue | Villager (Male) |
| 21:05 | Build | Farm |
| 21:18 | Queue | Villager (Male) |
| 21:25 | Build | Farm |
| 21:32 | Queue | Conquistador |
| 21:38 | Build | Farm |
| 21:40 | Build | Farm |
| 21:43 | Build | Farm |
| 21:48 | Queue | Conquistador |
| 22:00 | Queue | Villager (Male) |
| 22:10 | Build | Monastery |
| 22:11 | Queue | Villager (Male) |
| 22:23 | Queue | Conquistador |
| 22:29 | Build | Farm |
| 22:30 | Queue | Villager (Male) |
| 22:44 | Queue | Monk |
| 22:44 | Queue | Monk |
| 22:44 | Queue | Monk |
| 22:47 | Queue | Conquistador |
| 22:49 | Queue | Villager (Male) |
| 22:58 | Queue | Villager (Male) |
| 23:00 | Build | Farm |
| 23:10 | Queue | Villager (Male) |
| 23:16 | Queue | Villager (Male) |
| 23:31 | Build | Town Center |
| 23:42 | Queue | Villager (Male) |
| 23:46 | Queue | Villager (Male) |
| 24:06 | Queue | Villager (Male) |
| 24:06 | Queue | Villager (Male) |
| 24:06 | Queue | Villager (Male) |
| 24:14 | Queue | Villager (Male) |
| 24:14 | Queue | Villager (Male) |
| 24:32 | Build | Stone Wall |
| 24:35 | Queue | Villager (Male) |
| 24:44 | Queue | Villager (Male) |
| 24:49 | Build | Barracks |
| 24:52 | Queue | Villager (Male) |
| 25:14 | Research | Fletching |
| 25:24 | Queue | Villager (Male) |
| 25:26 | Research | Town Watch |
| 25:32 | Queue | Monk |
| 25:35 | Build | Siege Workshop |
| 25:38 | Queue | Villager (Male) |
| 25:46 | Queue | Villager (Male) |
Match timeline
| 3:31 | Simbo02352 · wall_segment Palisade Wall x15 |
| 6:00 | Simbo02352 · wall_segment Palisade Wall x12 |
| 7:05 | Simbo02352 · wall_segment Palisade Wall x2 |
| 7:38 | Grospoilu · first_building Barracks |
| 7:44 | Simbo02352 · wall_segment Palisade Wall x12 |
| 9:19 | Simbo02352 · wall_segment Palisade Wall x2 |
| 9:47 | Simbo02352 · wall_segment Palisade Wall x1 |
| 9:54 | Grospoilu · age_up feudal |
| 10:02 | Grospoilu · first_building Archery Range |
| 10:58 | Simbo02352 · age_up feudal |
| 11:03 | Simbo02352 · wall_segment Stone Wall x4 |
| 11:07 | Simbo02352 · wall_segment Stone Wall x3 |
| 11:25 | Simbo02352 · wall_segment Stone Wall x1 |
| 11:28 | Simbo02352 · wall_segment Stone Wall x1 |
| 11:41 | Simbo02352 · wall_segment Stone Wall x1 |
| 11:43 | Grospoilu · wall_segment Palisade Wall x7 |
| 11:45 | Grospoilu · wall_segment Palisade Wall x6 |
| 11:45 | Simbo02352 · wall_segment Stone Wall x1 |
| 12:04 | Simbo02352 · wall_segment Stone Wall x2 |
| 12:18 | Simbo02352 · wall_segment Stone Wall x4 |
| 13:01 | Simbo02352 · wall_segment Stone Wall x1 |
| 13:03 | Simbo02352 · wall_segment Stone Wall x1 |
| 13:05 | Simbo02352 · wall_segment Stone Wall x5 |
| 14:16 | Simbo02352 · first_market_buy 100 stone |
| 15:45 | Simbo02352 · first_market_sell 100 food |
| 18:40 | Simbo02352 · age_up castle |
| 19:26 | Grospoilu · first_market_buy 100 food |
| 20:37 | Simbo02352 · first_building Castle |
| 22:10 | Simbo02352 · first_building Monastery |
| 23:09 | Grospoilu · age_up castle |
| 24:32 | Simbo02352 · wall_segment Stone Wall x1 |
| 24:49 | Simbo02352 · first_building Barracks |
| 25:35 | Simbo02352 · first_building Siege Workshop |
| 26:41 | Simbo02352 · first_building Archery Range |
| 27:37 | Grospoilu · first_building Siege Workshop |
| 33:24 | Grospoilu · first_building Castle |
| 35:34 | Simbo02352 · age_up imperial |
| 36:16 | Grospoilu · first_market_sell 500 stone |
| 39:16 | Grospoilu · resign |
[ AI ANALYSIS · 1 CREDIT ]
What really happened in this match?
Wolo.gg analyzes every decision: build order, eco, micro, common mistakes by bracket. Personalized analysis on WhatsApp or Discord in 30 seconds.
Civ guide
Ethiopians
Perfil
Jugador #4729544